 Dungeon Crawl Stone Soup version 0.23.2-1-ga50397a6bc (webtiles) character file.

Game seed: 15966280140182667505

2917 Mrkan the Grappler (level 9, -9/80 HPs)
             Began as a Troll Monk on May 24, 2019.
             Was a Believer of Ru.
             Mangled by an orc warrior
             ... wielding a +0 glaive
              (24 damage)
             ... on level 8 of the Dungeon.
             The game lasted 00:14:30 (5591 turns).

Mrkan the Grappler (Troll Monk)                     Turns: 5591, Time: 00:14:32

Health: -9/80      AC:  8    Str: 21    XL:     9   Next: 50%
Magic:  8/8        EV:  6    Int:  6    God:    Ru [**....]
Gold:   332        SH:  0    Dex: 15    Spells: 8/8 levels left

rFire    . . .     SeeInvis .     - Unarmed
rCold    . . .     Gourm    +   o - +0 large shield (curse)
rNeg     . . .     Faith    .   a - +0 robe
rPois    +         Spirit   .   (helmet restricted)
rElec    .         Reflect  +   u - +1 cloak (curse)
rCorr    .         Harm     .   (gloves unavailable)
MR       .....                  (boots unavailable)
Stlth    +.........             l - +5 amulet of reflection
HPRegen  0.63/turn              w - ring of poison resistance
MPRegen  0.11/turn              (no ring)

@: confused
A: large, unfitting armour, claws 3, fast metabolism 3, gourmand, regeneration
1, shaggy fur 1, tough skin 3, hated by all, no fire magic, no summoning magic,
no transmutations magic
a: Renounce Religion


You were on level 8 of the Dungeon.
You worshipped Ru.
Ru was pleased with you.
You were very full.

You visited 2 branches of the dungeon, and saw 9 of its levels.

You collected 332 gold pieces.

Inventory:

Missiles
 d - 181 stones (quivered)
 x - 6 tomahawks
Armour
 a - a +0 robe (worn)
 o - a cursed +0 large shield (worn)
 u - a cursed +1 cloak (worn)
Jewellery
 k - a cursed -2 ring of dexterity {unknown}
 l - a +5 amulet of reflection (around neck)
 q - an uncursed ring of positive energy {unknown}
 w - a ring of poison resistance (left claw)
 B - a +3 ring of evasion
Wands
 z - a wand of clouds (5)
Scrolls
 e - 3 scrolls of teleportation
 f - 7 scrolls of remove curse
 g - a scroll of noise {unknown}
 h - 5 scrolls of identify
 r - 3 scrolls of fear
 t - 2 scrolls of amnesia {unknown}
 v - a scroll of blinking
 y - a scroll of fog
 A - 3 scrolls of enchant weapon
Potions
 c - a potion of flight {unknown}
 j - a potion of haste
 m - a potion of degeneration {unknown}
 n - 2 potions of magic {unknown}
 p - 3 potions of brilliance {unknown}
Comestibles
 b - 10 rations


   Skills:
 - Level 2.4 Fighting
 * Level 8.3 Throwing
 - Level 2.4 Dodging
 - Level 1.0 Stealth
 - Level 10.0 Unarmed Combat


You had 8 spell levels left.
You didn't know any spells.
Your spell library contained the following spells:

 Spells                   Type           Power        Failure   Level  Hunger
 Summon Small Mammal      Summ           Unusable     N/A         1    N/A
 Call Imp                 Summ           Unusable     N/A         2    N/A
 Call Canine Familiar     Summ           Unusable     N/A         3    N/A
 Summon Guardian Golem    Hex/Summ       Unusable     N/A         3    N/A
 Summon Ice Beast         Ice/Summ       Unusable     N/A         4    N/A
 Summon Lightning Spire   Summ/Air       Unusable     N/A         4    N/A

Dungeon Overview and Level Annotations

Branches:
Dungeon (8/15)             Temple (1/1) D:5
   Lair: D:8-11

Altars:
Ashenzari
Cheibriados
Elyvilon
Fedhas
Gozag
Hepliaklqana
Kikubaaqudgha
Makhleb
Nemelex Xobeh
Qazlal
Ru
Sif Muna
Trog
Uskayaw
Vehumet
Wu Jian
Xom
Yredelemnul
Zin
The Shining One

Shops:
D:4 *=

Annotations:
D:4 2 transporters
D:8 Maurice


Innate Abilities, Weirdness & Mutations

You are too large for most types of armour.
You have claws for hands.
Your metabolism is lightning-fast.
You like to eat raw meat.
Your natural rate of healing is unusually fast.
You are covered in fur. (AC +1)
You have extremely tough skin. (AC +3)
You are hated by all.
You cannot study or cast Fire magic.
You cannot study or cast Summoning magic.
You cannot study or cast Transmutations magic.


Message History

* * * LOW HITPOINT WARNING * * *
You barely miss Maurice. The orc hits you but does no damage.
You block Maurice's attack. You block the orc's attack.
You mangle the orc!!
You kill the orc!
The orc warrior hits you from afar with a +0 glaive!
* * * LOW HITPOINT WARNING * * *
You block Maurice's attack. You block the orc's attack.
Okay, then.
It was a potion of curing.
You feel better.
Maurice zaps a wand.
Your will is overpowered!
You are confused.
The orc warrior barely misses you.
Okay, then.
You barely miss the orc. The orc hits you with a +0 flail.
* * * LOW HITPOINT WARNING * * *
Maurice hits you with a +0 dagger.
* * * LOW HITPOINT WARNING * * *
Maurice steals your 4 potions of curing!
The orc warrior hits you from afar with a +0 glaive!!
You die...

#####
....#
....#
....##.
.......
##@o..#
#@o.#
#<#.#
### #


You could see Maurice, an orc warrior and an orc.

Vanquished Creatures
  Pikel (D:7)
  A wyvern (D:8)
  2 orc warriors
  4 slaves (D:7)
  A black bear (D:6)
  3 ogres
  3 centaurs
  A bullfrog (D:6)
  4 scorpions
  6 howler monkeys
  4 crimson imps
  A bullfrog zombie (D:5)
  A bullfrog skeleton (D:5)
  A gnoll shaman (D:4)
  3 hounds
  5 orc priests
  An iguana (D:5)
  Natasha (thrice) (D:3)
  2 orc wizards (D:5)
  3 worker ants
  Robin (D:2)
  A howler monkey skeleton (D:4)
  13 adders
  7 gnolls (D:4)
  A white imp (D:7)
  An adder zombie (D:5)
  2 adder skeletons (D:4)
  A worm (D:3)
  3 dart slugs
  2 leopard geckos
  17 orcs
  4 ball pythons
  4 giant cockroaches
  14 goblins
  7 hobgoblins
  16 jackals
  6 kobolds
  8 quokkas
  6 bats
  4 frilled lizards
  A hobgoblin zombie (D:7)
  A jackal zombie (D:5)
  3 kobold skeletons (D:7)
  A kobold zombie (D:7)
  2 leopard gecko skeletons
  An orc zombie (D:7)
  A quokka skeleton (D:6)
  7 rats
185 creatures vanquished.

Notes
Turn   | Place    | Note
-------+----------+-------------------------------------------
     0 | D:1      | Mrkan the Troll Monk began the quest for the Orb.
     0 | D:1      | Reached XP level 1. HP: 22/22 MP: 0/0
   480 | D:1      | Reached XP level 2. HP: 17/29 MP: 1/1
   965 | D:2      | Reached skill level 4 in Unarmed Combat
  1013 | D:2      | Reached XP level 3. HP: 36/36 MP: 2/2
  1296 | D:2      | Found a shimmering altar of Xom.
  1296 | D:2      | Found a snail-covered altar of Cheibriados.
  1396 | D:2      | Reached skill level 5 in Unarmed Combat
  1396 | D:2      | Reached XP level 4. HP: 27/44 MP: 3/3
  1485 | D:2      | Noticed Robin
  1540 | D:2      | Killed Robin
  1663 | D:3      | Reached XP level 5. HP: 38/50 MP: 4/4
  1734 | D:3      | Reached skill level 6 in Unarmed Combat
  1999 | D:3      | Noticed Natasha
  2001 | D:3      | Killed Natasha
  2005 | D:3      | Noticed Natasha
  2008 | D:3      | Killed Natasha
  2028 | D:3      | Reached XP level 6. HP: 53/59 MP: 5/5
  2285 | D:3      | Found a bloodstained altar of Trog.
  2314 | D:3      | Found a blossoming altar of Fedhas.
  2409 | D:3      | Noticed Natasha
  2414 | D:3      | Killed Natasha
  2414 | D:3      | Reached skill level 7 in Unarmed Combat
  2485 | D:4      | Found Zin's Purification Station.
  2535 | D:4      | Found a glowing silver altar of Zin.
  2648 | D:4      | Found a transporter.
  2651 | D:4      | Reached skill level 8 in Unarmed Combat
  2651 | D:4      | Reached XP level 7. HP: 66/66 MP: 6/6
  2652 | D:4      | Found Quuvupyo's Jewellery Boutique.
  2798 | D:4      | Found a transporter.
  3026 | D:5      | Entered Level 5 of the Dungeon
  3046 | D:5      | Reached skill level 9 in Unarmed Combat
  3174 | D:5      | Found a shattered altar of Ashenzari.
  3303 | D:5      | Reached XP level 8. HP: 55/74 MP: 7/7
  3304 | D:5      | Reached skill level 10 in Unarmed Combat
  3332 | D:5      | Reached skill level 1 in Throwing
  3342 | D:5      | Found a staircase to the Ecumenical Temple.
  3369 | Temple   | Entered the Ecumenical Temple
  3423 | Temple   | Became a worshipper of Ru the Awakened
  3435 | Temple   | Gained mutation: You are hated by all. [Ru sacrifice]
  3435 | Temple   | Reached * piety under Ru
  3626 | D:5      | Found a radiant altar of Vehumet.
  3626 | D:5      | Found an opulent altar of Gozag.
  3627 | D:5      | Found a sparkling altar of Nemelex Xobeh.
  3649 | D:5      | Found a stormy altar of Qazlal.
  4425 | D:6      | Reached skill level 5 in Throwing
  4869 | D:7      | Noticed Pikel
  4893 | D:7      | Killed Pikel
  4893 | D:7      | Reached XP level 9. HP: 54/80 MP: 8/8
  5254 | D:7      | Found a glowing golden altar of the Shining One.
  5294 | D:7      | Gained mutation: You cannot study or cast Fire magic. [Ru
                  | sacrifice]
  5294 | D:7      | Gained mutation: You cannot study or cast Transmutations
                  | magic. [Ru sacrifice]
  5294 | D:7      | Gained mutation: You cannot study or cast Summoning magic.
                  | [Ru sacrifice]
  5294 | D:7      | Reached ** piety under Ru
  5578 | D:8      | Noticed Maurice
  5591 | D:8      | Mangled by an orc warrior

Skill      XL: |  1  2  3  4  5  6  7  8  9 |
---------------+----------------------------+-----
Unarmed Combat | 4 5 6 8 9 10 | 10.0
Throwing       | 7 8 |  8.3
Fighting       | |  2.4
Dodging        | |  2.4
Stealth        | |  1.0

Action                   |  1- 3 |  4- 6 |  7- 9 || total
-------------------------+-------+-------+-------++-------
Melee: Unarmed           |    84 |   157 |   341 ||   582
       Punch             |     2 |     5 |     3 ||    10
Invok: Sacrifice Love    |       |       |     1 ||     1
       Sacrifice Arcana  |       |       |     1 ||     1
  Use: Scroll            |       |    10 |       ||    10
       Potion            |       |       |     1 ||     1
 Stab: Sleeping          |     4 |     4 |     3 ||    11
       Distracted        |       |       |     2 ||     2
  Eat: Chunk             |    13 |    17 |    25 ||    55
Armor: Robe              |    43 |    61 |    94 ||   198
Dodge: Dodged            |    43 |    82 |    77 ||   202
Block: Other             |       |     6 |    17 ||    23
       Large shield      |       |       |   192 ||   192
       Reflection        |       |       |     4 ||     4
